 Dungeon Crawl Stone Soup version 0.21.1-1-g345015fe64 (webtiles) character file.

383 Htamos the Thaumaturge (level 6, -2/48 HPs)
             Began as a Deep Elf Conjurer on July 12, 2018.
             Slain by a phantom (4 damage)
             ... on level 4 of the Dungeon.
             The game lasted 00:08:19 (2868 turns).

Htamos the Thaumaturge (Deep Elf Conjurer)          Turns: 2868, Time: 00:08:19

Health: -2/48      AC: 23    Str: 10    XL:     6   Next: 47%
Magic:  1/20       EV:  2    Int: 27    God:
Gold:   124        SH:  0    Dex: 15    Spells: 18/23 levels left

rFire    . . .     SeeInvis .   w - +1 hunting sling (flame)
rCold    . . .     Gourm    .   (no shield)
rNeg     + + +     Faith    .   (armour currently unavailable)
rPois    +         Spirit   .   (helmet currently unavailable)
rElec    .         Reflect  .   (cloak currently unavailable)
rCorr    .         Harm     .   (gloves currently unavailable)
MR       .....     NoTele   +   (boots currently unavailable)
Stlth    ++........             (no amulet)
HPRegen  0.16/turn              (no ring)
MPRegen  0.17/turn              (no ring)

@: mighty, brilliant, tree-form, very slightly contaminated
A: no striking features
a: no special abilities


You were on level 4 of the Dungeon.
You were not hungry.
You were a tree.
You visited 1 branch of the dungeon, and saw 4 of its levels.

You collected 124 gold pieces.

Inventory:

Hand Weapons
 d - a +0 dagger of speed
 g - a +0 hunting sling
 l - a +0 hunting sling
 w - a +1 hunting sling of flaming (weapon)
Missiles
 f - 13 bolts
 h - 2 throwing nets
 j - 29 sling bullets (quivered)
 k - 207 stones
 p - 13 poisoned needles
 A - 25 arrows
Armour
 a - a +0 robe
 t - a +0 helmet (melded)
 u - a +0 buckler
 C - the cursed +1 robe "Coroyneu" (melded) {Dex+4}
   (You found it on level 4 of the Dungeon)

   It affects your dexterity (+4).
   It has a curse placed upon it.
Wands
 z - a wand of iceblast (13)
Scrolls
 e - 5 scrolls of remove curse {unknown}
 i - a scroll of noise
 s - a scroll of fog {unknown}
 y - a scroll of amnesia {unknown}
Potions
 n - a potion of might
 r - 2 potions of brilliance
Books
 b - a book of Conjurations

   Spells                             Type                      Level
   a - Magic Dart                     Conjuration                  1
   b - Searing Ray                    Conjuration                  2
   c - Dazzling Spray                 Conjuration/Hexes            3
   d - Fulminant Prism                Conjuration/Hexes            4
   e - Force Lance                    Conjuration/Translocation    4
   f - Iskenderun's Mystic Blast      Conjuration                  4
Comestibles
 c - 6 rations


   Skills:
 - Level 2.4 Dodging
 - Level 2.4 Stealth
 + Level 9.3 Spellcasting
 - Level 4.3 Conjurations


You had 18 spell levels left.
You knew the following spells:

 Your Spells              Type           Power        Failure   Level  Hunger
a - Magic Dart            Conj           ####         1%          1    None
b - Iskenderun's Mystic   Conj           ######..     1%          4    None


Dungeon Overview and Level Annotations

Branches:
Dungeon (4/15)
 Temple: D:4-7

Altars:
Fedhas
Gozag
Kikubaaqudgha
Nemelex Xobeh
Yredelemnul


Message History

The phantom hits you.
* * * LOW HITPOINT WARNING * * *
It was a potion of lignification.
You turn into a tree.
Your +0 helmet melds into your body.
The cursed +1 robe "Coroyneu" {Dex+4} melds into your body.
Your roots penetrate the ground.
The phantom hits you but does no damage.
It was a potion of flight.
Your roots keep you in place.
The phantom hits you but does no damage.
As you read the scroll labeled IPICAT SUPP, it crumbles to dust.
The creatures around you are filled with an inner flame!
It was a scroll of immolation.
The phantom hits you but does no damage.
As you read the scroll labeled BURUOGR RUMEXA, it crumbles to dust.
It is a scroll of identify.
q - a scroll of fear The phantom blinks!
As you read the scroll of fear, it crumbles to dust.
You assume a fearsome visage.
The phantom is unaffected.
The phantom hits you.
You die...

##########
#........
####### .......
###.....## >....
##...###..# ..>
#..### ##.# #§#
..## #.# ###♣#
### #.####.W.#
### #...##.###
..## ######.#..#
#..###...##.#.##
##...#...##...#
###.....#...##
###...#.#..#
#.....##.#


You could see a phantom (inner flame).

Vanquished Creatures
  The ghost of Necrophagist the Firebug, an amateur DEFE (D:3)
  An ogre (D:4)
  A hound (D:4)
  Terence (D:3)
  Robin (D:3)
  3 adders
  3 gnolls (D:2)
  2 oozes
  3 worms
  A ball python (D:1)
  5 giant cockroaches
  18 goblins
  8 hobgoblins
  6 jackals
  2 bats
  A frilled lizard (D:2)
  5 kobolds
  5 rats
67 creatures vanquished.

Notes
Turn   | Place    | Note
-------+----------+-------------------------------------------
     0 | D:1      | Htamos the Deep Elf Conjurer began the quest for the Orb.
     0 | D:1      | Reached XP level 1. HP: 10/10 MP: 6/6
   309 | D:1      | Reached skill level 4 in Spellcasting
   309 | D:1      | Reached XP level 2. HP: 15/15 MP: 2/9
   593 | D:2      | Reached XP level 3. HP: 17/19 MP: 0/11
   725 | D:2      | Reached skill level 5 in Spellcasting
   969 | D:2      | Reached XP level 4. HP: 19/24 MP: 7/13
  1069 | D:2      | Found a faded altar of an unknown god.
  1069 | D:2      | Found an ancient bone altar of Kikubaaqudgha.
  1074 | D:2      | Found a faded altar of an unknown god.
  1078 | D:2      | Found a basalt altar of Yredelemnul.
  1080 | D:2      | Found a sparkling altar of Nemelex Xobeh.
  1150 | D:2      | Reached skill level 6 in Spellcasting
  1467 | D:3      | Noticed Necrophagist's ghost (amateur DEFE)
  1473 | D:3      | Killed Necrophagist's ghost
  1473 | D:3      | Reached skill level 7 in Spellcasting
  1473 | D:3      | Reached XP level 5. HP: 28/28 MP: 7/17
  1660 | D:3      | Noticed Robin
  1784 | D:3      | Killed Robin
  1784 | D:3      | Reached skill level 8 in Spellcasting
  1884 | D:3      | Learned a level 4 spell: Iskenderun's Mystic Blast
  2045 | D:3      | Noticed Terence
  2049 | D:3      | Killed Terence
  2231 | D:3      | Found an opulent altar of Gozag.
  2363 | D:3      | Reached XP level 6. HP: 32/32 MP: 16/19
  2642 | D:4      | Reached skill level 9 in Spellcasting
  2650 | D:4      | Got a distressingly furry robe
  2661 | D:4      | Identified the cursed +1 robe "Coroyneu" {Dex+4} (You found it on level 4 of the Dungeon)
  2671 | D:4      | Found a blossoming altar of Fedhas.
  2863 | D:4      | HP: 1/32 [phantom (3)]
  2868 | D:4      | Slain by a phantom

Skill      XL: |  1  2  3  4  5  6 |
---------------+-------------------+-----
Spellcasting   | 4 5 7 8 9 |  9.3
Dodging        | |  2.4
Stealth        | |  2.4
Conjurations   | |  4.3

Action                   |  1- 3 |  4- 6 || total
-------------------------+-------+-------++-------
Melee: Dagger            |     5 |       ||     5
 Fire: Hunting sling     |       |     6 ||     6
 Cast: Magic Dart        |    69 |    85 ||   154
       Iskenderun's Myst |       |    10 ||    10
  Use: Scroll            |       |     4 ||     4
       Potion            |       |     4 ||     4
  Eat: Chunk             |       |     6 ||     6
Armor: Robe              |       |     1 ||     1
       Skin              |       |     3 ||     3
Dodge: Dodged            |    11 |    13 ||    24
